 Dungeon Crawl Stone Soup version 0.28.0-53-g5a82cb258f (webtiles) character file.

Game seed: 18048829906829317474

12 MisterFreud the Covert (level 2, -3/29 HPs)
             Began as a Gnoll Delver on June 8, 2022.
             Killed from afar by a white imp (9 damage)
             ... with a puff of frost
             ... on level 5 of the Dungeon.
             The game lasted 00:00:28 (36 turns).

MisterFreud the Covert (Gnoll Delver)                 Turns: 36, Time: 00:00:28

Health: -3/29      AC:  3    Str: 11    XL:     2   Next: 33%
Magic:  2/2        EV: 13    Int:  9    God:
Gold:   11         SH:  0    Dex: 13    Spells: 1/1 levels left

rFire   . . .      SeeInvis .   a - +0 short sword
rCold   . . .      Faith    .   (no shield)
rNeg    . . .      Spirit   .   b - +0 leather armour
rPois   .          Reflect  .   (no helmet)
rElec   .          Harm     .   (no cloak)
rCorr   .          Rampage  .   (no gloves)
Will    .....                   (no boots)
Stlth   ++++......              (no amulet)
HPRegen 0.09/turn               (no ring)
MPRegen 0.08/turn               (no ring)

@: no status effects
A: fangs 1, strong nose, distributed training
a: no special abilities


You were on level 5 of the Dungeon.
You visited 1 branch of the dungeon, and saw 2 of its levels.

You collected 11 gold pieces.

Inventory:

Hand Weapons
 a - a +0 short sword (weapon)
Armour
 b - a +0 leather armour (worn)
Wands
 g - a wand of digging (3)
Scrolls
 c - a scroll of fog
 d - a scroll of magic mapping
 e - a scroll of fear
Potions
 f - a potion of haste


   Skills:
 + Level 6.4 Fighting
 + Level 4.4 Short Blades
 + Level 0.3 Long Blades
 + Level 0.3 Axes
 + Level 0.3 Maces & Flails
 + Level 0.3 Polearms
 + Level 0.3 Staves
 + Level 0.3 Slings
 + Level 0.3 Bows
 + Level 0.3 Crossbows
 + Level 0.3 Throwing
 + Level 0.3 Armour
 + Level 4.4 Dodging
 + Level 9.5 Stealth
 + Level 0.3 Shields
 + Level 0.3 Unarmed Combat
 + Level 0.3 Spellcasting
 + Level 0.2 Conjurations
 + Level 0.2 Hexes
 + Level 0.2 Summonings
 + Level 0.2 Necromancy
 + Level 0.2 Translocations
 + Level 0.2 Transmutations
 + Level 0.2 Fire Magic
 + Level 0.2 Ice Magic
 + Level 0.2 Air Magic
 + Level 0.2 Earth Magic
 + Level 0.2 Poison Magic
 + Level 0.4 Invocations
 + Level 0.3 Evocations


You had one spell level left.
You didn't know any spells.
Your spell library was empty.

Dungeon Overview and Level Annotations

Branches:
Dungeon (6/15)
 Temple: D:4-7

Altars:


Innate Abilities, Weirdness & Mutations

You have very sharp teeth.
Your uncanny sense of smell can sniff out nearby items.
Your experience applies equally to all skills.


Message History

You impale the hound skeleton!!
You destroy the hound skeleton!
You have reached level 2!
Found 9 gold pieces.
Found 9 gold pieces.
You now have 11 gold pieces.
A white imp comes into view.
You see here 9 gold pieces.
The white imp shouts, "Begone, thou jarring weather-bitten crab-lanthorn!"
The white imp gestures at you. The puff of frost hits you!
You hit the white imp.
The white imp is moderately wounded.
The white imp closely misses you.
You hit the white imp but do no damage.
The white imp is moderately wounded.
The white imp hits you but does no damage.
You hit the white imp but do no damage.
You bite the white imp, but do no damage.
The white imp is moderately wounded.
The white imp gestures at you. The puff of frost hits you!
You are too injured to fight recklessly!
You closely miss the white imp. Your bite misses the white imp.
The white imp is moderately wounded.
You hit the white imp.
The white imp is heavily wounded.
The white imp closely misses you.
You barely miss the white imp.
The white imp is heavily wounded.
The white imp hits you. The white imp freezes you.
* * * LOW HITPOINT WARNING * * *
You hit the white imp.
The white imp is almost dead.
The white imp closely misses you.
You barely miss the white imp.
The white imp is almost dead.
The white imp gestures at you. The puff of frost hits you!
You die...

.#.... ....#..........
..... ....#..>....... ##
#..# #.$.##..###.##.
#.##..########...##..##
##.....................#
...............$.......#
.....>.................#
#..##....##..###..##.###
# #....##..# #@.##.
#.....#......5.......
#.....#..............
####..####.#####+###.
#### ###


You could see a white imp.

Vanquished Creatures
  A hound skeleton (D:5)
1 creature vanquished.

Notes
Turn   | Place    | Note
-------+----------+-------------------------------------------
     0 | D:5      | Reached skill level 9 in Stealth
     0 | D:5      | MisterFreud the Gnoll Delver began the quest for the Orb.
     0 | D:5      | Reached XP level 1. HP: 23/23 MP: 1/1
    13 | D:5      | Reached XP level 2. HP: 29/29 MP: 2/2
    36 | D:5      | Killed from afar by a white imp

Illustrated notes

Levels and vault maps discovered:
D:5:      layout_gridville, nicolae_uskayaw_en_pointe,
          nicolae_wu_jian_glorious_leap
D:6:      layout_loops_ring

Skill      XL: | |
---------------+-+-----
Stealth        | |  9.5
Fighting       | |  6.4
Short Blades   | |  4.4
Long Blades    | |  0.3
Axes           | |  0.3
Maces & Flails | |  0.3
Polearms       | |  0.3
Staves         | |  0.3
Slings         | |  0.3
Bows           | |  0.3
Crossbows      | |  0.3
Throwing       | |  0.3
Armour         | |  0.3
Dodging        | |  4.4
Shields        | |  0.3
Unarmed Combat | |  0.3
Spellcasting   | |  0.3
Conjurations   | |  0.2
Hexes          | |  0.2
Summonings     | |  0.2
Necromancy     | |  0.2
Translocations | |  0.2
Transmutations | |  0.2
Fire Magic     | |  0.2
Ice Magic      | |  0.2
Air Magic      | |  0.2
Earth Magic    | |  0.2
Poison Magic   | |  0.2
Invocations    | |  0.4
Evocations     | |  0.3

Action                   || total
-------------------------++-------
Melee: Short sword       ||     9
       Bite              ||     1
 Stab: Sleeping          ||     1
Armor: Leather armour    ||     1
Dodge: Dodged            ||     3
